 Dungeon Crawl Stone Soup version 0.25.1-2-g60ff931df9 (webtiles) character file.

Game seed: 14165453864820284658

202436 CrazyMind the Draconian Blade (level 17, -1/154 HPs)
             Began as a White Draconian Berserker on Oct 15, 2020.
             Was the Champion of Trog.
             Slain by a black mamba (8 damage)
             ... on level 4 of the Snake Pit on Oct 17, 2020.
             The game lasted 04:23:24 (44562 turns).

CrazyMind the Draconian Blade (DrBe)               Turns: 44562, Time: 04:23:25

Health: -1/154     AC: 14    Str: 25    XL:     17   Next: 94%
Magic:  21/21      EV: 18    Int:  7    God:    Trog [******]
Gold:   4694       SH:  6    Dex: 16    Spells: 16/16 levels left

rFire    + . .     SeeInvis +   T - +5 long sword of Abomination {speed, rElec rF+ SInv}
rCold    + . .     Gourm    .   O - +0 buckler
rNeg     . . .     Faith    .   (armour unavailable)
rPois    +         Spirit   .   (helmet restricted)
rElec    +         Reflect  .   U - +0 cloak
rCorr    .         Harm     .   g - +0 pair of fencer's gloves {Riposte Dex+3}
MR       ++...                  B - +2 pair of boots {Fly}
Stlth    +.........             C - amulet of the acrobat
HPRegen  0.35/turn              d - ring of poison resistance
MPRegen  0.17/turn              q - ring of protection from magic

@: flying, very slightly contaminated, hasted, constricted, very quick
A: breathe frost, unfitting armour, cold resistance 1, cold-blooded, AC +9
}: 1/15 runes: decaying
a: Breathe Frost, Berserk, Trog's Hand, Brothers in Arms, Renounce Religion,
Stop Flying


You were on level 4 of the Snake Pit.
You worshipped Trog.
Trog was exalted by your worship.
You were not hungry.

You visited 6 branches of the dungeon, and saw 32 of its levels.
You visited the Abyss 1 time.
You also visited: Ice Cave.

You collected 5508 gold pieces.
You spent 814 gold pieces at shops.

Inventory:

Hand Weapons
 i - a +2 demon blade of flaming
 s - a +4 falchion of freezing
 R - a +2 long sword of holy wrath
 T - the +5 long sword of Abomination (weapon) {speed, rElec rF+ SInv}
   (You found it on level 6 of the Lair of Beasts)

   Attacks with this weapon are significantly faster.
   It protects you from fire.
   It insulates you from electricity.
   It lets you see invisible.
 Y - a +6 vorpal triple sword
Missiles
 e - 714 stones
 x - 21 curare-tipped darts
 E - 2 throwing nets
 F - 5 silver boomerangs
 M - 11 boomerangs (quivered)
 N - 88 poisoned darts
 W - 8 javelins
Armour
 g - the +0 pair of fencer's gloves (worn) {Riposte Dex+3}
   (You acquired it on level 12 of the Dungeon)

   It affects your dexterity (+3).
 z - a +0 kite shield
 B - a +2 pair of boots of flying (worn)
 O - a +0 buckler (worn)
 U - a +0 cloak (worn)
Jewellery
 d - a ring of poison resistance (left hand)
 m - an uncursed ring of resist corrosion
 q - a ring of protection from magic (right hand)
 y - an uncursed ring of protection from cold
 C - an amulet of the acrobat (around neck)
 V - an uncursed ring of protection from fire
Wands
 a - a wand of polymorph (19)
 c - a wand of paralysis (9)
 l - a wand of acid (14)
 t - a wand of disintegration (8)
 u - a wand of flame (87)
 A - a wand of iceblast (28)
 D - a wand of digging (4)
 H - a wand of enslavement (23)
 L - a wand of clouds (1)
Scrolls
 h - 3 scrolls of magic mapping
 k - 10 scrolls of remove curse
 o - 15 scrolls of teleportation
 G - 8 scrolls of identify
 P - a scroll of fog
 Q - a scroll of silence
 S - a scroll of blinking
Potions
 f - 4 potions of might
 j - 3 potions of haste
 p - 2 potions of mutation
 r - 3 potions of heal wounds
 v - 3 potions of ambrosia
 w - 10 potions of curing
Miscellaneous
 n - a tin of tremorstones (3/3)
 K - a phial of floods
 X - a box of beasts
Comestibles
 b - 50 rations
 I - 4 chunks of flesh


   Skills:
 + Level 14.6 Fighting
 + Level 21.0 Long Blades
 + Level 10.1 Throwing
 + Level 11.8 Dodging
 * Level 5.7 Shields
 * Level 6.5 Evocations


You had 16 spell levels left.
You didn't know any spells.
Your spell library was empty.

Dungeon Overview and Level Annotations

Branches:
Dungeon (15/15)            Temple (1/1) D:6            Lair (6/6) D:8
  Swamp (4/4) Lair:2        Snake (4/4) Lair:2        Slime (0/5) Lair:6
    Orc (2/2) D:11            Elf (0/3) Orc:2        Vaults (0/5) D:14
 Depths (0/5) D:15          IceCv (visited)

Altars:
Ashenzari
Cheibriados
Dithmenos
Elyvilon
Fedhas
Gozag
Hepliaklqana
Kikubaaqudgha
Makhleb
Nemelex Xobeh
Okawaru
Qazlal
Ru
Sif Muna
Trog
Uskayaw
Vehumet
Wu Jian
Xom
Yredelemnul
Zin
The Shining One
Beogh

Shops:
D:6 *   Orc:1 (   Orc:2 ::(}

Annotations:
D:7 3 runed translucent doors, toph's ghost, novice HOFi
D:10 2 transporters, Doot's ghost, novice TeSu
Lair:3 2 transporters, Baluurche's ghost, journeyman TrHu


Innate Abilities, Weirdness & Mutations

You can breathe waves of freezing cold.
You can buffet flying creatures when you breathe cold.
Your icy white scales are hard. (AC +9)
You cannot fit into any form of body armour.
Your flesh is cold resistant. (rC+)
You are cold-blooded and may be slowed by cold attacks.


Message History

* * * LOW HITPOINT WARNING * * *
The nagaraja spits poison at you. The splash of poison hits you.
You are more poisoned.
You resist.
* * * LOW HITPOINT WARNING * * *
You feel better. The anaconda grabs you.
The anaconda bites you but does no damage.
* * * LOW HITPOINT WARNING * * *
The anaconda constricts you.
Unknown command.
Okay, then.
Blink to where?
Press: ? - help, Dir - move target cursor The anaconda's grasp on you weakens, but your attempt to escape fails.
As you read the scroll of blinking, it crumbles to dust.
The anaconda bites you but does no damage.
* * * LOW HITPOINT WARNING * * *
The anaconda constricts you. The black mamba bites you!
You die...

.....##...###
........#...#
............#
.......)<.N#
...S#...N.#
....#N..N##
(....N..#
...N..SS#
.........@#
..........#
...........
....(...N..#
.N...N...#
......#..#
......#.##
=.....#.#


You could see 3 nagarajas, a naga sharpshooter, an anaconda, a naga ritualist
(toxic aura), a black mamba, a naga mage (fast) and 3 nagas.

Vanquished Creatures
  Jorgrun (D:13)
  An azure jelly (Swamp:4)
  3 nagarajas (Snake:2)
  A fire giant (D:15)
  Snorg (Lair:3)
  4 ogre magi (Orc:2)
  10 hydras
  2 ice dragons (Swamp:4)
  3 naga warriors
  5 catoblepae
  2 shambling mangroves
  8 anacondas
  A centaur warrior (D:14)
  4 death yaks (Lair:6)
  11 alligators
  A death knight (D:14)
  21 two-headed ogres
  8 naga sharpshooters
  3 shock serpents
  Sonja (D:13)
  A skeletal warrior (D:14)
  Nergalle (Lair:2)
  4 unseen horrors
  2 spriggan druids
  5 naga ritualists
  2 swamp dragons
  A wizard (D:14)
  An orc knight (Orc:1)
  2 deep elf magi
  A lindwurm (Lair:2)
  5 oklob plants
  10 mana vipers
  4 manticores
  2 cyclopes (D:11)
  3 salamanders
  5 ugly things
  5 elephants
  Maurice (D:9)
  3 ice statues (IceCv)
  6 naga magi
  25 black mambas
  2 gargoyles
  18 spiny frogs
  5 rime drakes
  2 kobold demonologists (D:13)
  3 komodo dragons
  4 freezing wraiths (Swamp:4)
  3 efreet
  2 trolls
  A queen bee (Orc:1)
  13 hornets
  4 bog bodies
  5 polar bears (Lair:3)
  22 slime creatures
  11 tyrant leeches
  8 dream sheep
  13 blink frogs
  Prince Ribbit (D:9)
  15 hippogriffs
  A centaur simulacrum (D:15)
  13 spriggans
  43 yaks
  3 wraiths
  2 shadows
  2 wyverns
  A vampire (D:14)
  A human (D:10)
  2 hogs (D:10)
  5 vampire mosquitoes
  5 basilisks
  2 hungry ghosts
  5 swamp worm simulacra (Swamp:4)
  26 nagas
  A soldier ant (D:14)
  12 swamp worms
  3 wargs
  A floating eye (shapeshifter) (D:15)
  11 water moccasins
  9 porcupines
  8 orc warriors
  15 swamp drakes
  2 acid dragons
  18 hydra simulacra (Swamp:4)
  4 sky beasts
  38 ogres
  11 ice beasts
  A phantom (D:3)
  A black bear (D:8)
  An eye of draining (D:14)
  6 wolves (Lair:3)
  6 necrophages
  2 centaurs
  14 crocodiles
  2 big kobolds
  Blork the orc (D:6)
  19 bullfrogs
  A water moccasin zombie (D:8)
  8 scorpions
  A wyvern skeleton (D:15)
  28 killer bees
  4 wights (D:6)
  A howler monkey (D:10)
  7 crimson imps
  3 bullfrog zombies
  3 centaur zombies
  4 jellies
  8 orc priests
  6 hounds
  8 centaur skeletons
  Natasha (twice) (D:2)
  3 iguanas
  14 orc wizards
  7 worker ants
  A hound skeleton (D:8)
  Robin (D:3)
  A worker ant zombie (D:8)
  11 adders
  4 shadow imps
  An ooze (D:5)
  3 swamp drake simulacra (Swamp:4)
  2 worms
  3 dart slugs
  3 leopard geckos
  45 orcs
  2 ball pythons
  7 bats
  9 giant cockroaches
  18 goblins
  6 hobgoblins
  3 jackals (D:11)
  13 kobolds
  3 quokkas
  3 frilled lizards
  A giant cockroach zombie (D:6)
  A jackal skeleton (D:4)
  A quokka zombie (D:5)
  12 rats
  A plant (Lair:1)
872 creatures vanquished.

Vanquished Creatures (collateral kills)
  Frances (D:12)
  Harold (D:10)
  A hydra (Swamp:2)
  A hornet (Swamp:2)
  A spriggan (Swamp:2)
  A bullfrog zombie (D:10)
6 creatures vanquished.

Vanquished Creatures (others)
  3 slime creatures
  A vampire (D:14)
  A swamp worm (Swamp:4)
  A naga (Snake:4)
  10 fungi
  21 plants
37 creatures vanquished.

Grand Total: 915 creatures vanquished

Notes
Turn   | Place    | Note
-------+----------+-------------------------------------------
     0 | D:1      | CrazyMind the Draconian Berserker began the quest for the
                  | Orb.
     0 | D:1      | Reached XP level 1. HP: 19/19 MP: 1/1
   169 | D:1      | Reached XP level 2. HP: 23/26 MP: 2/2
   712 | D:2      | Reached ** piety under Trog
   847 | D:2      | Reached XP level 3. HP: 27/33 MP: 3/3
  1031 | D:2      | Reached skill level 4 in Long Blades
  1031 | D:2      | Reached XP level 4. HP: 40/40 MP: 4/4
  1328 | D:2      | Noticed Natasha
  1337 | D:2      | Killed Natasha
  1493 | D:3      | Reached XP level 5. HP: 33/46 MP: 5/5
  1780 | D:3      | Noticed Robin
  1803 | D:3      | Killed Robin
  1803 | D:3      | Reached *** piety under Trog
  1803 | D:3      | Reached skill level 5 in Long Blades
  2473 | D:2      | Noticed Natasha
  2499 | D:2      | Killed Natasha
  2499 | D:2      | Reached XP level 6. HP: 20/52 MP: 6/6
  3017 | D:3      | Reached skill level 1 in Throwing
  3667 | D:5      | Entered Level 5 of the Dungeon
  3688 | D:5      | Reached skill level 6 in Long Blades
  3823 | D:5      | Your scales start taking on an icy white colour.
  3823 | D:5      | Reached XP level 7. HP: 60/60 MP: 7/7
  3823 | D:5      | Gained mutation: Your flesh is cold resistant. (rC+) [White
                  | Draconian growth]
  4284 | D:6      | Found a staircase to the Ecumenical Temple.
  4358 | Temple   | Entered the Ecumenical Temple
  4554 | D:6      | Reached skill level 5 in Fighting
  4770 | D:6      | Found Luoriczu's Assorted Antiques.
  4778 | D:6      | Bought a pair of embroidered boots for 202 gold pieces
  4787 | D:6      | Bought a scroll labeled LEATSU POGUEDE for 27 gold pieces
  4787 | D:6      | Bought a runed ruby ring for 135 gold pieces
  4791 | D:6      | Bought a scroll of identify for 54 gold pieces
  4803 | D:6      | Reached XP level 8. HP: 68/68 MP: 8/8
  4804 | D:6      | Reached skill level 7 in Long Blades
  5110 | D:6      | Reached **** piety under Trog
  5110 | D:6      | Reached skill level 5 in Dodging
  5121 | D:6      | Noticed Blork the orc
  5126 | D:6      | Killed Blork the orc
  5449 | D:7      | Found a runed translucent gate.
  5449 | D:7      | Found a runed translucent gate.
  5449 | D:7      | Identified the +5 short sword of Qoimn {venom, rN++ Str+4
                  | Int-4}
  5449 | D:7      | Noticed toph's ghost (novice HOFi)
  5450 | D:7      | Found a runed translucent gate.
  5458 | D:7      | Reached skill level 8 in Long Blades
  6102 | D:8      | Reached XP level 9. HP: 74/75 MP: 9/9
  6137 | D:8      | Reached skill level 5 in Throwing
  6236 | D:8      | Found a staircase to the Lair.
  6388 | D:8      | Reached skill level 9 in Long Blades
  6781 | D:8      | Found a hazy altar of Hepliaklqana.
  6857 | D:9      | Noticed a two-headed ogre
  6868 | D:9      | Killed a two-headed ogre
  6934 | D:9      | Reached skill level 10 in Long Blades
  7119 | D:9      | Reached ***** piety under Trog
  7119 | D:9      | Reached XP level 10. HP: 84/84 MP: 10/10
  7393 | D:9      | Noticed an oklob plant
  7417 | D:9      | Noticed Maurice
  7468 | Lair:1   | Entered Level 1 of the Lair of Beasts
  7468 | Lair:1   | Noticed a spiny frog
  7474 | Lair:1   | Killed a spiny frog
  7791 | Lair:1   | Reached skill level 11 in Long Blades
  7801 | Lair:1   | Found a hide-covered altar of Uskayaw.
  7801 | Lair:1   | You are sucked into a shaft and drop 1 floor!
  8038 | Lair:1   | Noticed a spiny frog
  8050 | Lair:1   | Killed a spiny frog
  8412 | Lair:1   | Noticed a six-headed hydra
  8449 | Lair:1   | Noticed an elephant
  8531 | D:9      | Killed Maurice
  8554 | D:9      | Noticed a two-headed ogre
  8563 | D:9      | Killed a two-headed ogre
  8563 | D:9      | Reached XP level 11. HP: 93/93 MP: 11/11
  8641 | D:9      | Found a sparkling altar of Nemelex Xobeh.
  8662 | D:9      | Killed an oklob plant
  8716 | D:9      | Noticed Prince Ribbit
  8726 | D:9      | Killed Prince Ribbit
  8808 | D:10     | Entered Level 10 of the Dungeon
  8816 | D:10     | Found a transporter.
  8819 | D:10     | Found a transporter.
  8819 | D:10     | Noticed Doot's ghost (novice TeSu)
  8861 | D:10     | Noticed Harold
  8873 | D:10     | Killed Harold
  9629 | D:10     | Reached skill level 12 in Long Blades
 10016 | D:10     | Received a gift from Trog
 11093 | D:11     | Found a shattered altar of Ashenzari.
 11120 | D:11     | Noticed a brown ugly thing
 11131 | D:11     | Killed a brown ugly thing
 11301 | D:11     | Found a staircase to the Orcish Mines.
 11449 | D:11     | Killed an unseen horror
 12278 | D:11     | Reached skill level 10 in Throwing
 12278 | D:11     | Reached XP level 12. HP: 83/103 MP: 12/12
 12284 | D:11     | Reached skill level 13 in Long Blades
 13198 | D:12     | Received a gift from Trog
 14331 | D:12     | Identified a scroll of acquirement
 14331 | D:12     | Acquired the +0 pair of fencer's gloves {Riposte Dex+3}
 14332 | D:12     | Found the +0 pair of fencer's gloves {Riposte Dex+3}
 14426 | D:13     | Noticed Sonja
 14430 | D:13     | Noticed Jorgrun
 14437 | D:13     | Killed Sonja
 14444 | D:13     | Killed Jorgrun
 14444 | D:13     | Reached skill level 14 in Long Blades
 14549 | D:13     | Noticed Frances
 14570 | D:12     | Killed Frances
 14879 | D:13     | Found a frozen archway.
 14889 | IceCv    | Entered an ice cave
 15318 | IceCv    | Identified Sif Muna's Grimoire of Protection and Envenoming
 15464 | D:13     | Reached skill level 15 in Long Blades
 15644 | D:13     | Reached XP level 13. HP: 113/113 MP: 13/13
 15653 | D:13     | Reached skill level 10 in Fighting
 15752 | D:13     | Acquired 2170 gold pieces
 17034 | Lair:2   | Noticed Nergalle
 17044 | Lair:2   | Killed Nergalle
 17194 | Lair:2   | Found a staircase to the Swamp.
 17297 | Lair:2   | Found a staircase to the Snake Pit.
 17857 | Lair:3   | Reached skill level 16 in Long Blades
 18013 | Lair:3   | Noticed Snorg
 18418 | D:14     | Found a gate to the Vaults.
 19177 | D:14     | Reached skill level 17 in Long Blades
 19363 | D:14     | Received a gift from Trog
 19799 | D:14     | Found a shadowy altar of Dithmenos.
 19984 | D:14     | Cast into level 3 of the Abyss (unwielding a weapon of
                  | distortion)
 19993 | D:14     | Escaped the Abyss
 20306 | D:15     | Entered Level 15 of the Dungeon
 20510 | D:15     | Reached XP level 14. HP: 121/122 MP: 14/14
 20567 | D:15     | Found a staircase to the Depths.
 20567 | D:15     | Noticed a fire giant
 20915 | Lair:3   | Found a transporter.
 21161 | Lair:3   | Found a transporter.
 21276 | Lair:3   | Noticed Baluurche's ghost (journeyman TrHu)
 21625 | Lair:3   | Killed Snorg
 22327 | Lair:4   | Reached skill level 18 in Long Blades
 23821 | Lair:6   | Entered Level 6 of the Lair of Beasts
 23843 | Lair:6   | Got a translucent long sword
 23844 | Lair:6   | Identified the +5 long sword of Abomination {speed, rElec
                  | rF+ SInv} (You found it on level 6 of the Lair of Beasts)
 25405 | Lair:6   | Found a staircase to the Slime Pits.
 26065 | Lair:6   | Received a gift from Trog
 26320 | Lair:1   | Reached skill level 19 in Long Blades
 26320 | Lair:1   | Reached XP level 15. HP: 132/132 MP: 14/17
 27044 | D:15     | Killed a fire giant
 27189 | D:15     | Reached XP level 16. HP: 139/139 MP: 18/18
 27497 | Swamp:1  | Entered Level 1 of the Swamp
 28368 | Swamp:1  | Reached skill level 10 in Dodging
 30700 | Swamp:3  | Reached skill level 5 in Evocations
 32021 | Swamp:4  | Entered Level 4 of the Swamp
 32554 | Swamp:4  | Reached ****** piety under Trog
 33376 | Swamp:4  | Reached skill level 20 in Long Blades
 34067 | Swamp:4  | Got a decaying rune of Zot
 34375 | Snake:1  | Entered Level 1 of the Snake Pit
 36076 | Orc:1    | Entered Level 1 of the Orcish Mines
 36146 | Orc:2    | Entered Level 2 of the Orcish Mines
 36172 | Orc:2    | Received a gift from Trog
 36337 | Orc:2    | Reached XP level 17. HP: 134/150 MP: 21/21
 36337 | Orc:2    | Reached skill level 1 in Shields
 36541 | Orc:2    | Found Usonah's Weapon Boutique.
 36541 | Orc:2    | Found Jeluq's Book Shoppe.
 36541 | Orc:2    | Found Muiron's Gadget Emporium.
 36541 | Orc:2    | Found Foanor's Book Boutique.
 36848 | Orc:2    | Bought 8 javelins for 76 gold pieces
 36849 | Orc:2    | Bought a box of beasts for 320 gold pieces
 37037 | Orc:2    | Found a staircase to the Elven Halls.
 37088 | Orc:2    | Received a gift from Trog
 37308 | Orc:1    | Found a roughly hewn altar of Beogh.
 37425 | Orc:1    | Found Xuosutz's Weapon Shoppe.
 39268 | Snake:2  | Received a gift from Trog
 41806 | Snake:3  | Reached skill level 5 in Shields
 42749 | Snake:3  | Reached skill level 21 in Long Blades
 43653 | Snake:4  | Entered Level 4 of the Snake Pit
 44560 | Snake:4  | HP: 6/154 [nagaraja/splash of poison (2)]
 44562 | Snake:4  | Slain by a black mamba

Illustrated notes

Levels and vault maps discovered:
D:1:      dpeg_arrival_pits, layout_basic, chequers_serial_rivers_room_a
D:2:      layout_loops_ring, first_ration, minmay_misc_feat_rows, uniq_natasha
D:3:      layout_basic, uniq_robin
D:4:      layout_loops_ring
D:5:      layout_rooms
D:6:      layout_loops_ring, minmay_temple_entry_sparse_star, serial_shops,
          shop, uniq_blork_the_orc
D:7:      layout_basic, gammafunk_ghost_nasty_kobolds
D:8:      layout_loops_ring, marbit_many_paths, lair_entry_dummy
D:9:      layout_rooms, lemuel_oklob_altar, uniq_prince_ribbit1, uniq_maurice
D:10:     layout_cave_pods, gammafunk_ghost_arena, grunt_livestock, uniq_harold
D:11:     layout_stronghold, orc_0_dummy, ashenzari_altar_1
D:12:     layout_layer_cave, minmay_checkerbox
D:13:     layout_cross, portal_ice_cave_rime, uniq_jorgrun, uniq_frances,
          uniq_sonja
D:14:     layout_irregular_city, david_vaults_1, minivault_5,
          grunt_dithmenos_shadows
D:15:     grunt_enter_depths_giant_problem, layout_layer_cave
Temple:   minmay_crystal_snake_temple
Lair:1:   wad_woods_stonehenge, layout_gridlike, chequers_serial_rivers_small_b,
          chequers_serial_rivers_small_b
Lair:2:   layout_regular_city, swamp_mist, dummy_snake_entry,
          roderic_carrion_pond, uniq_nergalle
Lair:3:   layout_loops_ring, gammafunk_ghost_berserking_beasts,
          cheibrodos_lair_lostbears, serial_bayou_shore_a, lemuel_fruit_fields,
          uniq_snorg
Lair:4:   layout_gridlike, worms_lemuel
Lair:5:   layout_layer_cave
Lair:6:   evilmike_catoblepas_cave, layout_long_grid,
          minmay_slime_entry_oklob_open, lemuel_fruit_fields
Swamp:1:  layout_falls_marsh, evilmike_swamp_ruin_house_5
Swamp:2:  layout_basic_swamp, evilmike_swamp_ruin_house_4
Swamp:3:  layout_basic_swamp, hangedman_swamp_ruin_wall
Swamp:4:  swamp_icy, layout_basic_swamp, swamp_pool1,
          nicolae_swamp_round_clearing
Snake:1:  layout_rooms
Snake:2:  layout_onion
Snake:3:  layout_cave_town, grunt_megastairs_2
Snake:4:  grunt_snake_rune_spirals, layout_onion_interference
Orc:1:    layout_caves, serial_shops, shop, special_room [special_room_bee],
          basic_altar
Orc:2:    st_orc_ogre_mass, layout_caves

Skill      XL: |  1  2  3  4  5  6  7  8  9 10 11 12 13 14 15 16 17 |
---------------+----------------------------------------------------+-----
Dodging        | 3 4 5 6 7 8 9 11 | 11.8
Long Blades    | 4 5 6 8 10 11 12 15 17 19 20 21 | 21.0
Fighting       | 4 5 6 7 8 9 10 12 13 14 | 14.6
Throwing       | 1 3 4 6 8 10 | 10.1
Evocations     | 2 3 6 |  6.5
Shields        | 5 |  5.7

Action                   |  1- 3 |  4- 6 |  7- 9 | 10-12 | 13-15 | 16-18 || total
-------------------------+-------+-------+-------+-------+-------+-------++-------
Melee: Falchion          |    82 |   218 |   206 |   434 |       |       ||   940
       Tailslap          |     6 |    35 |    31 |   127 |   169 |   282 ||   650
       Triple sword      |       |       |       |    44 |   357 |   391 ||   792
       Long sword        |       |       |       |       |   138 |   547 ||   685
       Scimitar          |       |       |       |       |     7 |       ||     7
       Great sword       |       |       |       |       |       |    89 ||    89
Throw: Stone             |     5 |    54 |     4 |   109 |   114 |   132 ||   418
       Dart              |       |     3 |    24 |    43 |     9 |       ||    79
       Boomerang         |       |       |    47 |    98 |    66 |   105 ||   316
Invok: Trog's Hand       |       |     4 |     1 |     4 |     1 |     3 ||    13
       Berserk           |       |     1 |     5 |     8 |     4 |     6 ||    24
       Brothers in Arms  |       |       |       |     3 |       |     1 ||     4
 Abil: Breathe Frost     |       |       |       |     3 |       |       ||     3
Evoke: Wand              |       |       |       |       |     2 |     2 ||     4
  Use: Scroll            |       |     4 |     2 |    17 |    13 |     3 ||    39
       Potion            |       |     1 |     1 |     6 |     3 |     4 ||    15
 Stab: Invisible         |       |       |       |     7 |       |       ||     7
       Sleeping          |       |       |       |       |     3 |       ||     3
       Petrified         |       |       |       |       |     2 |       ||     2
       Distracted        |       |       |       |       |     1 |       ||     1
       Confused          |       |       |       |       |       |     1 ||     1
  Eat: Chunk             |     1 |    11 |    12 |    28 |    30 |    25 ||   107
       Ration            |       |       |     1 |     3 |     3 |    11 ||    18
Armor: Skin              |    24 |    60 |    46 |    86 |    88 |   115 ||   419
Dodge: Dodged            |    76 |   128 |    99 |   268 |   335 |   872 ||  1778
Block: Buckler           |       |       |       |       |       |    76 ||    76
       Rpst.: Falchion   |    21 |    37 |    27 |    63 |       |       ||   148
       Triple sword      |       |       |       |    19 |   131 |   198 ||   348
       Long sword        |       |       |       |       |    32 |   132 ||   164
       Scimitar          |       |       |       |       |     3 |       ||     3
       Great sword       |       |       |       |       |       |    22 ||    22
